TOP OF THE 1ST |
Pontiac Godfathers batting - Pitching for Syracuse Storm : RHP Jeffrey Eckert
|
Pitching: RHP Jeffrey Eckert
|
|
Batting: RHB Carlos Núñez
|
0-0: Swinging Strike 0-1: Ball 1-1: Foul Ball, location: 2F 1-2: Ball 2-2: Strikes out swinging
|
Batting: RHB Jorge Putignani
|
0-0: Fly out, F8 (Line Drive, 8RM, EV 103.8 MPH)
|
Batting: SHB Tom Gray
|
0-0: Called Strike 0-1: Ball 1-1: Ball 2-1: Fly out, F7 (Flyball, 7LM, EV 106.2 MPH)
|
Top of the 1st over - 0 runs, 0 hits, 0 errors, 0 left on base; Pontiac 0 - Syracuse 0 |
BOTTOM OF THE 1ST |
Syracuse Storm batting - Pitching for Pontiac Godfathers : RHP Shuji Kokawa
|
Pitching: RHP Shuji Kokawa
|
|
Batting: RHB Raúl Bermúdez
|
0-0: Ball 1-0: Called Strike 1-1: SINGLE (Line Drive, 8RS, EV 93.1 MPH)
|
Batting: SHB Ji-hoon Ku
|
0-0: Ball 1-0: Foul Ball, location: 2F 1-1: Called Strike 1-2: Foul Ball, location: 2F 1-2: Strikes out swinging
|
Batting: LHB Hsiao-lou Rui
|
0-0: Called Strike 0-1: Called Strike Raúl Bermúdez steals 2nd base (no throw) 0-2: Strikes out looking
|
Batting: RHB Takeichi Hashimoto
|
0-0: Called Strike 0-1: Fly out, F8 (Flyball, 78M, EV 81.9 MPH)
|
Bottom of the 1st over - 0 runs, 1 hit, 0 errors, 1 left on base; Pontiac 0 - Syracuse 0 |
TOP OF THE 2ND |
Pontiac Godfathers batting - Pitching for Syracuse Storm : RHP Jeffrey Eckert
|
Batting: RHB António Méndez
|
0-0: Fly out, F7 (Flyball, 7, EV 95.0 MPH)
|
Batting: SHB Mike Sherman
|
0-0: Ball 1-0: Fly out, F9 (Flyball, 9LD, EV 81.2 MPH)
|
Batting: RHB Emmett Amavizca
|
0-0: Ball 1-0: Called Strike 1-1: Foul Ball, location: 2F 1-2: Strikes out swinging
|
Top of the 2nd over - 0 runs, 0 hits, 0 errors, 0 left on base; Pontiac 0 - Syracuse 0 |
BOTTOM OF THE 2ND |
Syracuse Storm batting - Pitching for Pontiac Godfathers : RHP Shuji Kokawa
|
Batting: RHB Eugene Huggins
|
0-0: Ball 1-0: Swinging Strike 1-1: SINGLE (Flyball, 8RS, EV 83.8 MPH)
|
Batting: RHB Ángelo Campos
|
0-0: Swinging Strike 0-1: Ball 1-1: Foul Ball, location: 2F 1-2: Strikes out looking
|
Batting: RHB Edward Tucker
|
0-0: Ball 1-0: Called Strike 1-1: Ball 2-1: Called Strike 2-2: Ball Eugene Huggins steals 2nd base 3-2: Base on Balls
|
Batting: RHB Felino Edrada
|
0-0: Ball 1-0: Fly out, F9 (Flyball, 9LM, EV 90.0 MPH)
|
Batting: RHB Yong-hong Xie
|
0-0: Foul Ball, location: 2F 0-1: Ball 1-1: Ball 2-1: Ball 3-1: Swinging Strike 3-2: Base on Balls Eugene Huggins to third Edward Tucker to second
|
Batting: RHB Raúl Bermúdez
|
0-0: Called Strike 0-1: Ball 1-1: Ball 2-1: Foul Ball, location: 2F 2-2: Fielders Choice at 2nd, 6-4 (Groundball, 6, EV 78.1 MPH)
|
Bottom of the 2nd over - 0 runs, 1 hit, 0 errors, 3 left on base; Pontiac 0 - Syracuse 0 |
TOP OF THE 3RD |
Pontiac Godfathers batting - Pitching for Syracuse Storm : RHP Jeffrey Eckert
|
Batting: RHB Bindu Mongia
|
0-0: Called Strike 0-1: Ball 1-1: Foul Ball, location: 2F 1-2: Ball 2-2: Reached on error, E2 (Groundball, 2L, EV 65.6 MPH)
|
Batting: RHB Tony Silva
|
0-0: Ball 1-0: Called Strike 1-1: Fielders Choice at 2nd, 6-4 (Groundball, 6, EV 86.9 MPH)
|
Batting: RHB Roy Smith
|
0-0: Called Strike Tony Silva steals 2nd base 0-1: Ground out 4-3 (Groundball, 34, EV 88.8 MPH) Tony Silva to third
|
Batting: RHB Carlos Núñez
|
0-0: Foul Ball, location: 2F 0-1: Foul Ball, location: 2F 0-2: Ground out 6-3 (Groundball, 56, EV 90.0 MPH)
|
Top of the 3rd over - 0 runs, 0 hits, 1 error, 1 left on base; Pontiac 0 - Syracuse 0 |
BOTTOM OF THE 3RD |
Syracuse Storm batting - Pitching for Pontiac Godfathers : RHP Shuji Kokawa
|
Batting: SHB Ji-hoon Ku
|
0-0: Called Strike 0-1: Foul Ball, location: 2F 0-2: Ball 1-2: Foul Ball, location: 2F 1-2: Foul Ball, location: 2F 1-2: Ball 2-2: Foul Ball, location: 2F 2-2: Foul Ball, location: 2F 2-2: Ball 3-2: Ground out 5-3 (Groundball, 5, EV 105.6 MPH)
|
Batting: LHB Hsiao-lou Rui
|
0-0: Swinging Strike 0-1: Ball 1-1: Ball 2-1: Foul Ball, location: 2F 2-2: Ball 3-2: Strikes out swinging
|
Batting: RHB Takeichi Hashimoto
|
0-0: Called Strike 0-1: Ball 1-1: Ball 2-1: Ground out 5-3 (Groundball, 56, EV 82.5 MPH)
|
Bottom of the 3rd over - 0 runs, 0 hits, 0 errors, 0 left on base; Pontiac 0 - Syracuse 0 |
TOP OF THE 4TH |
Pontiac Godfathers batting - Pitching for Syracuse Storm : RHP Jeffrey Eckert
|
Batting: RHB Jorge Putignani
|
0-0: Ball 1-0: Ball 2-0: Called Strike 2-1: Foul Ball, location: 2F 2-2: Strikes out swinging
|
Batting: SHB Tom Gray
|
0-0: Ball 1-0: Called Strike 1-1: Ball 2-1: Ball 3-1: Foul Ball, location: 2F 3-2: Foul Ball, location: 2F 3-2: Foul Ball, location: 2F 3-2: Fly out, F7 (Flyball, 7LS, EV 94.4 MPH)
|
Batting: RHB António Méndez
|
0-0: Ball 1-0: Called Strike 1-1: Swinging Strike 1-2: Ball 2-2: Ball 3-2: Foul Ball, location: 2F 3-2: Strikes out swinging
|
Top of the 4th over - 0 runs, 0 hits, 0 errors, 0 left on base; Pontiac 0 - Syracuse 0 |
BOTTOM OF THE 4TH |
Syracuse Storm batting - Pitching for Pontiac Godfathers : RHP Shuji Kokawa
|
Batting: RHB Eugene Huggins
|
0-0: Called Strike 0-1: Swinging Strike 0-2: Foul Ball, location: 2F 0-2: Ball 1-2: Fly out, F8 (Line Drive, 8LD, EV 98.1 MPH)
|
Batting: RHB Ángelo Campos
|
0-0: SINGLE (Line Drive, 8RS, EV 95.0 MPH)
|
Batting: RHB Edward Tucker
|
0-0: Called Strike Ángelo Campos steals 2nd base (no throw) 0-1: Fly out, F4 (Flyball, 4D, EV 92.5 MPH)
|
Batting: RHB Felino Edrada
|
0-0: Ball 1-0: Swinging Strike 1-1: Ball 2-1: Swinging Strike 2-2: Ball 3-2: Ground out 6-3 (Groundball, 6M, EV 82.5 MPH)
|
Bottom of the 4th over - 0 runs, 1 hit, 0 errors, 1 left on base; Pontiac 0 - Syracuse 0 |
TOP OF THE 5TH |
Pontiac Godfathers batting - Pitching for Syracuse Storm : RHP Jeffrey Eckert
|
Batting: SHB Mike Sherman
|
0-0: Ball 1-0: Ball 2-0: Ground out U3 (Groundball, 34S, EV 90.0 MPH)
|
Batting: RHB Emmett Amavizca
|
0-0: Ball 1-0: Foul Ball, location: 2F 1-1: Ball 2-1: Ground out 6-3 (Groundball, 6, EV 102.5 MPH)
|
Batting: RHB Bindu Mongia
|
0-0: Foul Ball, location: 2F 0-1: Foul Ball, location: 2F 0-2: Ball 1-2: Ball 2-2: Fly out, F7 (Flyball, 7, EV 98.8 MPH)
|
Top of the 5th over - 0 runs, 0 hits, 0 errors, 0 left on base; Pontiac 0 - Syracuse 0 |
BOTTOM OF THE 5TH |
Syracuse Storm batting - Pitching for Pontiac Godfathers : RHP Shuji Kokawa
|
Batting: RHB Yong-hong Xie
|
0-0: Called Strike 0-1: Ball 1-1: SINGLE (Groundball, 6MD, EV 99.4 MPH)
|
Batting: RHB Raúl Bermúdez
|
0-0: Bunted foul 0-1: Sac Bunt to 25 - play at second, runner OUT! 5-6
|
Batting: SHB Ji-hoon Ku
|
0-0: Called Strike 0-1: Called Strike 0-2: Strikes out swinging
|
Batting: LHB Hsiao-lou Rui
|
0-0: Ball 1-0: Fly out, F9 (Flyball, 89S, EV 93.1 MPH)
|
Bottom of the 5th over - 0 runs, 1 hit, 0 errors, 1 left on base; Pontiac 0 - Syracuse 0 |
TOP OF THE 6TH |
Pontiac Godfathers batting - Pitching for Syracuse Storm : RHP Jeffrey Eckert
|
Batting: RHB Tony Silva
|
0-0: SINGLE (Flyball, 8RS, EV 92.5 MPH)
|
Batting: RHB Roy Smith
|
0-0: Ball 1-0: Called Strike 1-1: Swinging Strike 1-2: Ball 2-2: Foul Ball, location: 2F 2-2: Strikes out swinging
|
Batting: RHB Carlos Núñez
|
0-0: Foul Ball, location: 2F 0-1: Ball 1-1: Ball 2-1: Swinging Strike 2-2: Fielders Choice at 2nd, 4-6 (Groundball, 4, EV 80.0 MPH)
|
Batting: RHB Jorge Putignani
|
0-0: Foul Ball, location: 2F 0-1: Foul Ball, location: 2F 0-2: Fly out, F6 (Line Drive, 6, EV 70.6 MPH)
|
Top of the 6th over - 0 runs, 1 hit, 0 errors, 1 left on base; Pontiac 0 - Syracuse 0 |
BOTTOM OF THE 6TH |
Syracuse Storm batting - Pitching for Pontiac Godfathers : RHP Shuji Kokawa
|
Batting: RHB Takeichi Hashimoto
|
0-0: Called Strike 0-1: SOLO HOME RUN (Flyball, 7D, EV 96.2 MPH), Distance : 371 ft
|
Batting: RHB Eugene Huggins
|
0-0: Ball 1-0: Ball 2-0: Fly out, F9 (Line Drive, 9, EV 88.8 MPH)
|
Batting: RHB Ángelo Campos
|
0-0: SINGLE (Groundball, 56D, EV 108.8 MPH)
|
Batting: RHB Edward Tucker
|
0-0: Ball Ángelo Campos steals 2nd base 1-0: Called Strike 1-1: Foul Ball, location: 2F 1-2: Foul Ball, location: 2F 1-2: SINGLE (Line Drive, 89S, EV 100.6 MPH) Ángelo Campos to third
|
Pitching: RHP Mike Morris
|
|
Batting: RHB Felino Edrada
|
0-0: Called Strike 0-1: SINGLE (Groundball, 56D, EV 105.6 MPH) Ángelo Campos scores Edward Tucker to second
|
Batting: RHB Yong-hong Xie
|
0-0: Called Strike 0-1: Foul Ball, location: 2F 0-2: Ball 1-2: Fly out, F6 (Flyball, 56D, EV 75.6 MPH)
|
Batting: RHB Raúl Bermúdez
|
0-0: Ball 1-0: Ball 2-0: Ball 3-0: Called Strike 3-1: Base on Balls Edward Tucker to third Felino Edrada to second
|
Batting: SHB Ji-hoon Ku
|
0-0: Fly out, F8 (Flyball, 8LS, EV 96.2 MPH)
|
Bottom of the 6th over - 2 runs, 4 hits, 0 errors, 3 left on base; Pontiac 0 - Syracuse 2 |
TOP OF THE 7TH |
Pontiac Godfathers batting - Pitching for Syracuse Storm : RHP Jeffrey Eckert
|
Batting: SHB Tom Gray
|
0-0: Foul Ball, location: 2F 0-1: Ball 1-1: Ball 2-1: Ball 3-1: SINGLE (Groundball, 4MD, EV 105.0 MPH)
|
Batting: RHB António Méndez
|
0-0: Called Strike 0-1: Swinging Strike 0-2: Strikes out swinging
|
Batting: SHB Mike Sherman
|
0-0: Foul Ball, location: 2F 0-1: Ball 1-1: Ball 2-1: Swinging Strike 2-2: SINGLE (Groundball, 4MD, EV 93.8 MPH) Tom Gray to second
|
Batting: RHB Emmett Amavizca
|
0-0: Hit by Pitch Tom Gray to third Mike Sherman to second
|
Batting: RHB Bindu Mongia
|
0-0: Called Strike 0-1: Ball 1-1: Ball 2-1: Ball 3-1: Grounds into fielders choice 6-2 (Groundball, 6, EV 78.1 MPH) Mike Sherman to third Emmett Amavizca to second
|
Batting: RHB Tony Silva
|
0-0: Ball 1-0: Called Strike 1-1: Ground out 4-3 (Groundball, 4, EV 79.4 MPH)
|
Top of the 7th over - 0 runs, 2 hits, 0 errors, 3 left on base; Pontiac 0 - Syracuse 2 |
BOTTOM OF THE 7TH |
Syracuse Storm batting - Pitching for Pontiac Godfathers : RHP Mike Morris
|
Batting: LHB Hsiao-lou Rui
|
0-0: Ball 1-0: Ball 2-0: Ground out 4-3 (Groundball, 4, EV 106.9 MPH)
|
Batting: RHB Takeichi Hashimoto
|
0-0: Called Strike 0-1: Foul Ball, location: 2F 0-2: Strikes out swinging
|
Batting: RHB Eugene Huggins
|
0-0: Ball 1-0: DOUBLE (Line Drive, 89M, EV 95.6 MPH)
|
Batting: RHB Ángelo Campos
|
0-0: Foul Ball, location: 2F 0-1: Swinging Strike 0-2: Ball 1-2: Ball 2-2: Ground out 6-3 (Groundball, 56, EV 83.8 MPH)
|
Bottom of the 7th over - 0 runs, 1 hit, 0 errors, 1 left on base; Pontiac 0 - Syracuse 2 |
TOP OF THE 8TH |
Pontiac Godfathers batting - Pitching for Syracuse Storm : RHP Jeffrey Eckert
|
Batting: RHB Roy Smith
|
0-0: Called Strike 0-1: Ball 1-1: Ball 2-1: Called Strike 2-2: Fly out, F9 (Flyball, 9D, EV 81.2 MPH)
|
Pitching: RHP Todd Huff
|
|
Batting: RHB Carlos Núñez
|
0-0: Called Strike 0-1: Ball 1-1: Fly out, F6 (Popup, 6, EV 63.8 MPH)
|
Batting: RHB Jorge Putignani
|
0-0: Swinging Strike 0-1: Ground out 4-3 (Groundball, 4, EV 88.8 MPH)
|
Top of the 8th over - 0 runs, 0 hits, 0 errors, 0 left on base; Pontiac 0 - Syracuse 2 |
BOTTOM OF THE 8TH |
Syracuse Storm batting - Pitching for Pontiac Godfathers : RHP Mike Morris
|
Batting: RHB Edward Tucker
|
0-0: Called Strike 0-1: Fly out, F7 (Flyball, 78M, EV 86.2 MPH)
|
Batting: RHB Felino Edrada
|
0-0: Called Strike 0-1: Ground out 6-3 (Groundball, 56D, EV 83.1 MPH)
|
Batting: RHB Yong-hong Xie
|
0-0: Ball 1-0: Ball 2-0: Called Strike 2-1: Ball 3-1: Foul Ball, location: 2F 3-2: Base on Balls
|
Batting: RHB Raúl Bermúdez
|
0-0: Called Strike 0-1: Foul Ball, location: 2F 0-2: Ball 1-2: Ball 2-2: Strikes out looking
|
Bottom of the 8th over - 0 runs, 0 hits, 0 errors, 1 left on base; Pontiac 0 - Syracuse 2 |
TOP OF THE 9TH |
Pontiac Godfathers batting - Pitching for Syracuse Storm : RHP Todd Huff
|
Pitching: LHP John Ellis
|
|
Now in LF: Randy Atkinson
|
|
Batting: SHB Tom Gray
|
0-0: Swinging Strike 0-1: Called Strike 0-2: Ball 1-2: Strikes out swinging
|
Batting: RHB António Méndez
|
0-0: Ball 1-0: SINGLE (Line Drive, 9LS, EV 107.5 MPH)
|
Batting: SHB Mike Sherman
|
0-0: Called Strike 0-1: Fly out, F6 (Popup, 6, EV 76.9 MPH)
|
Batting: RHB Emmett Amavizca
|
0-0: Ground out 5-3 (Groundball, 56S, EV 73.1 MPH)
|
Top of the 9th over - 0 runs, 1 hit, 0 errors, 1 left on base; Pontiac 0 - Syracuse 2 |
|